 Dungeon Crawl Stone Soup version 0.19.5 (webtiles) character file.

117 miragecloak the Changer (level 5, -5/33 HPs)
             Began as an Octopode Transmuter on May 16, 2017.
             Slain by an iguana (10 damage)
             ... on level 4 of the Dungeon.
             The game lasted 00:01:55 (2009 turns).

miragecloak the Changer (Octopode Transmuter)       Turns: 2009, Time: 00:01:56

Health: -5/33      AC:  1    Str:  9    XL:     5   Next: 1%
Magic:  7/8        EV: 13    Int: 16    God:
Gold:   191        SH:  0    Dex: 13    Spells: 2 memorised, 4 levels left

rFire  . . .     SeeInvis .       - Unarmed
rCold  . . .     Gourm    .     (no shield)
rNeg   . . .     Faith    .     (helmet restricted)
rPois  .         Spirit   .     (no amulet)
rElec  .         Reflect  .     (no ring)
rCorr  .         Harm     .     (no ring)
MR     .....                    (no ring)
Stlth  ++........               (no ring)
                                (no ring)
                                (no ring)
                                (no ring)
                                (no ring)

@: no status effects
A: almost no armour, stealthy swim, amphibious, 8 rings, constrict 8, camouflage
1, gelatinous body 1
a: no special abilities


You were on level 4 of the Dungeon.
You were not hungry.

You visited 1 branch of the dungeon, and saw 4 of its levels.

You collected 191 gold pieces.

Inventory:

Missiles
 a - 12 arrows
Jewellery
 f - an uncursed ring of protection from cold {unknown}
Scrolls
 e - 2 scrolls of random uselessness {unknown}
 j - 4 scrolls of remove curse {unknown}
 k - 2 scrolls of identify {unknown}
 l - a scroll of enchant armour {unknown}
 m - a scroll of fog {unknown}
 n - 2 scrolls of teleportation {unknown}
 o - a scroll of noise {unknown}
Potions
 d - a potion of agility {unknown}
 g - 2 potions of lignification {unknown}
 h - a potion of degeneration {unknown}
 q - a potion of heal wounds {unknown}
 r - a potion of flight {unknown}
Books
 b - a book of Changes

   Spells                             Type                      Level
   a - Beastly Appendage              Transmutation                1
   b - Sticks to Snakes               Transmutation                2
   c - Spider Form                    Transmutation/Poison         3
   d - Ice Form                       Ice/Transmutation            4
   e - Blade Hands                    Transmutation                5
Comestibles
 c - 2 bread rations
 i - a meat ration


   Skills:
 - Level 1.0 Fighting
 - Level 2.0 Dodging
 * Level 3.0 Unarmed Combat
 - Level 2.0 Spellcasting
 - Level 4.2 Transmutations
 + Level 2.9 Poison Magic


You had 4 spell levels left.
You knew the following spells:

 Your Spells              Type           Power        Failure   Level  Hunger
a - Beastly Appendage     Tmut           ###...       4%          1    #......
b - Spider Form           Tmut/Pois      ##........   14%         3    ###....


Dungeon Overview and Level Annotations

Branches:
Dungeon (4/15)
 Temple: D:4-7

Altars:

Annotations:
D:3 Onaxys's ghost, amateur OgBe


Innate Abilities, Weirdness & Mutations

You cannot wear most types of armour.
You are very stealthy in the water. (Stealth+)
You are amphibious.
You can wear up to eight rings at the same time.
You can use your tentacles to constrict eight enemies at once.
Your skin changes colour to match your surroundings (Stealth+).
Your rubbery body absorbs attacks. (AC +1, EV +1)


Message History

You feel clever.
You see here a hound corpse.
Your transformation is almost over.
An iguana comes into view.
The iguana hisses angrily.
An iguana is nearby!
An iguana is nearby!
Found a scroll labeled NERUPH GYTWER.
Found a stone staircase leading up.
The iguana bites you.
You completely miss the iguana. The iguana bites you.
You barely miss the iguana.
Your transformation has ended.
The iguana bites you!
* * * LOW HITPOINT WARNING * * *
You tentacle-slap the iguana but do no damage.
You grab the iguana. You squeeze the iguana.
The iguana is heavily wounded.
You constrict the iguana, but do no damage.
The iguana bites you!
You die...

... .. #.# .. #.# .#
#.#.. ..#. #.. #..
.##.# .#.####l# .##.#
##<.?...@# .##.#
....####.###.##.#
?............##.##
##..##.###.##...#######
# #.# #....†.......#
#.###.##...#####.#
##...####.## #.#
##.#####.# #.#
.........# #.#


You could see an iguana.

Vanquished Creatures
  A hound (D:4)
  2 adders
  2 oozes
  3 dart slugs
  3 orcs (D:2)
  A giant cockroach (D:1)
  6 goblins
  7 hobgoblins
  9 kobolds
  2 quokkas
  6 bats
  3 frilled lizards
  6 rats
51 creatures vanquished.

Notes
Turn   | Place    | Note
-------+----------+-------------------------------------------
     0 | D:1      | miragecloak the Octopode Transmuter began the quest for the Orb.
     0 | D:1      | Reached XP level 1. HP: 13/13 MP: 3/3
   423 | D:1      | Reached XP level 2. HP: 13/18 MP: 3/5
   522 | D:1      | Reached skill level 3 in Transmutations
   766 | D:1      | Reached XP level 3. HP: 20/23 MP: 4/6
   771 | D:1      | Learned a level 3 spell: Spider Form
  1268 | D:2      | Reached skill level 1 in Poison Magic
  1301 | D:2      | Reached XP level 4. HP: 21/28 MP: 7/7
  1644 | D:3      | Noticed Onaxys's ghost (amateur OgBe)
  1991 | D:4      | Reached skill level 4 in Transmutations
  1991 | D:4      | Reached XP level 5. HP: 24/33 MP: 5/8
  2009 | D:4      | Slain by an iguana

Skill      XL: |  1  2  3  4 |
---------------+-------------+-----
Transmutations | 3 4 |  4.2
Poison Magic   | 1 2 |  2.9
Fighting       | |  1.0
Dodging        | |  2.0
Unarmed Combat | |  3.0
Spellcasting   | |  2.0

Action                   |  1- 3 |  4- 6 || total
-------------------------+-------+-------++-------
Melee: Unarmed           |    79 |    40 ||   119
       Tentacles         |    12 |     3 ||    15
       Constrict         |    17 |     4 ||    21
       Kick              |    14 |     5 ||    19
 Cast: Beastly Appendage |    17 |     7 ||    24
       Spider Form       |       |     6 ||     6
 Stab: Sleeping          |     1 |     1 ||     2
       Distracted        |     1 |       ||     1
  Eat: Chunk             |     2 |     3 ||     5
Armor: Skin              |     2 |     2 ||     4
Dodge: Dodged            |    58 |    34 ||    92
